 Dungeon Crawl Stone Soup version 0.24.1-11-gbbbb2193e6 (webtiles) character file.

Game seed: 4038784296550427967, levelgen mode: deterministic

119 Hugehornet the Insei (level 5, -5/33 HPs)
             Began as an Octopode Transmuter on May 12, 2020.
             Slain by a gnoll
             ... wielding a +0 spear
              (10 damage)
             ... on level 3 of the Dungeon.
             The game lasted 00:04:19 (3141 turns).

Hugehornet the Insei (Octopode Transmuter)          Turns: 3141, Time: 00:04:20

Health: -5/33      AC:  2    Str:  9    XL:     5   Next: 3%
Magic:  6/9        EV: 20    Int: 16    God:
Gold:   106        SH:  0    Dex: 18    Spells: 4/10 levels left

rFire    . . .     SeeInvis .     - Unarmed
rCold    . . .     Gourm    .   (shield currently unavailable)
rNeg     . . .     Faith    .   (helmet currently unavailable)
rPois    x         Spirit   .   (no amulet)
rElec    .         Reflect  .   (no ring)
rCorr    .         Harm     .   (no ring)
MR       .....                  (no ring)
Stlth    ++........             (no ring)
HPRegen  0.11/turn              (no ring)
MPRegen  0.11/turn              (no ring)
                                (no ring)
                                (no ring)

@: spider-form
A: tiny, almost no armour, stealthy swim, (amphibious), 8 rings, (constrict 8)
a: End Transformation


You were on level 3 of the Dungeon.
You were hungry.
You were a venomous arachnid creature.
You visited 1 branch of the dungeon, and saw 3 of its levels.

You collected 106 gold pieces.

Inventory:

Missiles
 a - 28 arrows
Jewellery
 j - an uncursed ring of protection from cold {unknown}
Scrolls
 b - a scroll of fog {unknown}
 d - 4 scrolls of identify {unknown}
 g - a scroll of teleportation {unknown}
 h - 2 scrolls of remove curse {unknown}
 k - 2 scrolls of immolation {unknown}
 m - a scroll of amnesia {unknown}
Potions
 e - 2 potions of degeneration {unknown}
 f - 2 potions of cancellation {unknown}
 i - a potion of resistance {unknown}
 l - 3 potions of brilliance {unknown}
Comestibles
 c - 4 rations
 n - 3 chunks of flesh


   Skills:
 - Level 1.0 Fighting
 - Level 2.0 Dodging
 + Level 3.4 Unarmed Combat
 - Level 3.0 Spellcasting
 - Level 3.0 Transmutations
 * Level 2.8 Poison Magic


You had 4 spell levels left.
You knew the following spells:

 Your Spells              Type           Power        Failure   Level  Hunger
a - Beastly Appendage     Tmut           ##....       16%         1    #......
b - Sticks to Snakes      Tmut           ##......     22%         2    ##.....
c - Spider Form           Tmut/Pois      ##........   36%         3    ###....

Your spell library contained the following spells:

 Spells                   Type           Power        Failure   Level  Hunger
 Ice Form                 Ice/Tmut       #.......     86%         4    #####..
 Blade Hands              Tmut           ##........   94%         5    ######.


Dungeon Overview and Level Annotations

Branches:
Dungeon (3/15)

Altars:
Dithmenos


Innate Abilities, Weirdness & Mutations

You cannot wear most types of armour.
You are very stealthy in the water. (Stealth+)
((You are amphibious.))
You can wear up to eight rings at the same time.
((You can use your tentacles to constrict eight enemies at once.))
((Your skin changes colour to match your surroundings (Stealth+).))
((Your rubbery body absorbs attacks. (AC +1, EV +1)))


Message History

The orc is moderately wounded.
The orc barely misses you.
The gnoll hits you from afar with a +0 spear!
You closely miss the orc.
The orc is moderately wounded.
The orc misses you. The gnoll barely misses you.
You hit the orc but do no damage.
The orc looks as sick as possible!
The orc is severely wounded.
You kill the orc!
Training target 3.0 for Spellcasting reached!
Your Spellcasting skill increases to level 3!
The gnoll barely misses you. The gnoll hits you with a +0 spear!
* * * LOW HITPOINT WARNING * * *
Items here: )) [ †† a +0 club; a +0 leather armour; a +0 halberd; an orc corpse; a gnoll corpse You bite the gnoll!
The gnoll is poisoned.
The gnoll is severely wounded.
The gnoll hits you with a +0 spear!
You die...

# #.##.######.#. .
#. #.......[...#.
...##.####
#.#...#####...
.........###.#...###
#...
...##.#...##.......#
###.
#..............# #.
###...##.......# #.
##g###......## #.
#s# #.#...## #.
#.###.##.## ###.
#.....##.# #...
####..##.# #.##
#...#.## #.#
#....).# #.#
#...#..# #.#
#.###..# #.# #.#
#..# #.##


You could see a gnoll.

Vanquished Creatures
  Terence (D:3)
  A gnoll (D:3)
  3 dart slugs
  2 leopard geckos (D:1)
  4 orcs (D:3)
  7 bats
  4 giant cockroaches
  5 goblins
  10 hobgoblins
  6 jackals
  5 quokkas
  2 frilled lizards (D:2)
  6 kobolds
  9 rats
65 creatures vanquished.

Notes
Turn   | Place    | Note
-------+----------+-------------------------------------------
     0 | D:1      | Hugehornet the Octopode Transmuter began the quest for the
                  | Orb.
     0 | D:1      | Reached XP level 1. HP: 13/13 MP: 3/3
    92 | D:1      | Reached XP level 2. HP: 2/18 MP: 3/5
   784 | D:1      | Reached XP level 3. HP: 23/23 MP: 4/6
   789 | D:1      | Learned a level 2 spell: Sticks to Snakes
   793 | D:1      | Learned a level 3 spell: Spider Form
  1273 | D:1      | Reached skill level 1 in Poison Magic
  2255 | D:2      | Reached XP level 4. HP: 28/28 MP: 5/7
  2670 | D:2      | Found a shadowy altar of Dithmenos.
  2898 | D:3      | Noticed Terence
  2916 | D:3      | Killed Terence
  3135 | D:3      | Reached XP level 5. HP: 31/33 MP: 5/9
  3141 | D:3      | Slain by a gnoll

Levels and vault maps discovered:
D:1:      onia_arrival_larder, layout_loops_ring
D:2:      layout_loops_corners, nicolae_dithmenos_through_a_glass_darkly
D:3:      layout_loops_ring, chequers_ecumenical_altar_simple,
          serial_park_tiny_pond, uniq_grinder, uniq_terence,
          uniq_crazy_yiuf_cottage

Skill      XL: |  1  2  3  4  5 |
---------------+----------------+-----
Transmutations | 3 |  3.0
Poison Magic   | 1 2 |  2.8
Spellcasting   | 3 |  3.0
Fighting       | |  1.0
Dodging        | |  2.0
Unarmed Combat | |  3.4

Action                   |  1- 3 |  4- 6 || total
-------------------------+-------+-------++-------
Melee: Unarmed           |    96 |    46 ||   142
       Constrict         |    33 |    12 ||    45
       Kick              |    19 |     9 ||    28
       Tentacles         |    12 |     7 ||    19
       Punch             |     3 |       ||     3
 Cast: Beastly Appendage |    34 |    12 ||    46
       Spider Form       |       |     2 ||     2
 Stab: Sleeping          |     8 |     4 ||    12
  Eat: Chunk             |     5 |     2 ||     7
Armor: Skin              |    12 |     2 ||    14
Dodge: Dodged            |    77 |    19 ||    96
